 Dungeon Crawl Stone Soup version 0.31-a0-237-g2d982f9f85 (webtiles) character file.

Game seed: 9863331433213864144

190 qw the Shooter (level 5, -8/45 HPs)
             Began as a Minotaur Hexslinger on July 10, 2023.
             Killed by an exploding ball python (53 damage)
             ... ignited by their inner flame
             ... on level 3 of the Dungeon.
             The game lasted 00:01:02 (1760 turns).

qw the Shooter (Minotaur Hexslinger)                Turns: 1760, Time: 00:01:03

Health: -8/45      AC:  5    Str: 17    XL:     5   Next: 41%
Magic:  5/5        EV: 16    Int:  9    God:
Gold:   10         SH:  0    Dex: 13    Spells: 5/6 levels left

rFire   . . .        Y - +2 sling
rCold   + . .        (no shield)
rNeg    . . .        h - +0 ring mail
rPois   .            (helmet restricted)
rElec   .            (no cloak)
rCorr   .            (no gloves)
SInv    .            (no boots)
Will    +....        (no amulet)
Stlth   +            i - ring of protection from cold
HPRegen 0.27/turn    b - +5 ring of evasion
MPRegen 0.09/turn

%: no passive effects
@: no status effects
A: horns 2, retaliatory headbutt, strong-willed 1, strong 1
a: no special abilities


You were on level 3 of the Dungeon.
You visited 1 branch of the dungeon, and saw 3 of its levels.
You also visited: Sewer.

You collected 115 gold pieces.
You spent 105 gold pieces at shops.


Innate Abilities, Weirdness & Mutations

You have a pair of horns on your head.
You reflexively headbutt those who attack you in melee.
You are strong-willed. (Will+)
Your muscles are strong. (Str +4, Int/Dex -1)


   Skills:
 - Level 3.1 Fighting
 + Level 5.5 Ranged Weapons
 - Level 1.1 Armour
 - Level 2.1 Dodging
 - Level 1.0 Spellcasting
 - Level 2.0 Hexes


You had 5 spell levels left.
You knew the following spells:

 Your Spells              Type           Power      Damage    Failure   Level
a - Slow                  Hex            16%        N/A       30%         1

Your spell library contained the following spells:

 Spells                   Type           Power      Damage    Failure   Level
 Inner Flame              Hex/Fire       2%         N/A       80%         3
 Portal Projectile        Hex/Tloc       4%         N/A       80%         3
 Cause Fear               Hex            2%         N/A       96%         4

Inventory:

Hand Weapons
 Y - a +2 sling (weapon)
Armour
 h - a +0 ring mail (worn)
Jewellery
 b - a +5 ring of evasion (right hand)
 i - a ring of protection from cold (left hand)
Wands
 k - a wand of acid (7)
Scrolls
 f - a scroll of identify
 n - a scroll of teleportation {unknown}
Potions
 a - 2 potions of might {unknown}
 d - 3 potions of lignification {unknown}
 e - a potion of curing {unknown}
 g - a potion of mutation
 j - 2 potions of heal wounds
 l - a potion of haste {unknown}
 m - a potion of attraction {unknown}

Dungeon Overview and Level Annotations

Branches:
Dungeon (3/15)              Sewer (visited)

Altars:

Shops:
D:3 *

Annotations:
D:2 1 runed translucent door, Crazy Yiuf


Message History

The ball python bites the plant.
The ball python constricts the plant.
The ball python bites the plant.
The ball python constricts the plant.
The ball python bites the plant.
The ball python constricts the plant.
A nearby plant withers and dies.
The ball python loses its grip on the plant.
The ball python bites the plant.
The plant begins to die.
The ball python grabs the plant.
The ball python constricts the plant.
1748 ||| READING scroll labelled SAREOH GOBRE.
As you read the scroll labelled SAREOH GOBRE, it crumbles to dust.
The creatures around you are filled with an inner flame!
It was a scroll of immolation.
The ball python bites the plant.
The ball python constricts the plant.
The ball python bites the plant.
The ball python constricts the plant.
The ball python bites the plant.
The plant begins to die.
The ball python constricts the plant.
The ball python bites the plant.
The ball python constricts the plant.
The ball python bites the plant.
The ball python constricts the plant.
A nearby plant withers and dies.
The ball python loses its grip on the plant.
The ball python bites the plant.
The plant begins to die.
The ball python grabs the plant.
The ball python constricts the plant.
The ball python bites the plant.
The ball python constricts the plant.
A nearby plant withers and dies.
The ball python bites the plant.
The ball python constricts the plant.
The ball python bites the plant.
The ball python constricts the plant.
The ball python bites the plant.
The ball python constricts the plant.
The ball python bites the plant.
The ball python constricts the plant.
A nearby plant withers and dies.
The ball python loses its grip on the plant.
The ball python closely misses you. x2
You shoot a sling bullet.
The sling bullet barely misses the ball python.
The sling bullet hits the plant!
The plant begins to die.
The plant is lightly damaged.
The ball python misses you. The ball python completely misses you.
You shoot a sling bullet. The sling bullet hits the ball python.
The ball python explodes!
The fiery explosion engulfs you!!!
Ouch! That really hurt!
You die... <....#.. .)~~P~7~~~P#.77~~.~~~7 ..####.. ...P~7777~P....~~~.~~P7 .## ##. #.~~P7 77~P#.##77P.~~P# .# #P.PP

7P~...##~7P.~P~# )#
#~P~~7777......77~.~~~#
......
#PP~~~P~P##.##~7~.~~~7
######
#.~~¤¤¤P##.#~~~P.~~~7
#P.P¤¤# #.#7~~~.~~~7
#.#@# #.#7~~P.~P~7
#...# #.#7~~~.~~~~
###)#####.#~~P~.~~7#
#.......##7~~.~7.#
#..#......%PP.7...
#..#.####.........
#..#.# #.###...#> #.
#..#.# #. ##..#. #.
#..#.###... ##.#.


There were no monsters in sight!

Vanquished Creatures
  A jelly (Sewer)
  A gnoll (D:1)
  5 adders
  3 river rats (Sewer)
  2 worms
  18 endoplasms
  7 giant cockroaches
  3 goblins (D:1)
  3 hobgoblins
  2 quokkas
  8 ball pythons
  4 bats
  5 frilled lizards
  6 kobolds
  8 rats
76 creatures vanquished.

Notes
Turn   | Place    | Note
-------+----------+-------------------------------------------
     0 | D:1      | qw the Minotaur Hexslinger began the quest for the Orb.
     0 | D:1      | Reached XP level 1. HP: 16/16 MP: 1/1
     0 | D:1      | 0 ||| qw: Version: 0.3-a-52-g30416fa
     0 | D:1      | 0 ||| qw: Game counter: 5033
     0 | D:1      | 0 ||| qw: Melee chars always use a shield: true
     0 | D:1      | 0 ||| qw: God list: Okawaru
     0 | D:1      | 0 ||| qw: Allow faded altars: false
     0 | D:1      | 0 ||| qw: Do Orc after clearing Dungeon:15 true
     0 | D:1      | 0 ||| qw: Do second Lair branch before Depths: true
     0 | D:1      | 0 ||| qw: Lair rune preference: random
     0 | D:1      | 0 ||| qw: Goals: Normal
     0 | D:1      | 0 ||| PLANNING D:1-11
    99 | D:1      | Reached skill level 3 in Ranged Weapons
    99 | D:1      | Reached XP level 2. HP: 23/23 MP: 2/2
   451 | D:1      | 451 ||| UPGRADING to +0 ring mail.
   461 | D:1      | 461 ||| DROPPING +0 robe.
   462 | D:1      | 462 ||| UPGRADING to ring of protection from cold.
   463 | D:1      | 463 ||| READING scroll labelled JUNABL MIXUTE.
   464 | D:1      | 464 ||| READING 2 scrolls labelled ECSIASELAXT.
   465 | D:1      | 465 ||| READING scroll labelled KESOWUAFOS.
   466 | D:1      | 466 ||| DROPPING scroll of poison.
   467 | D:1      | 467 ||| DROPPING scroll of fear.
   493 | D:2      | 493 ||| STAIRDANCE
   501 | D:1      | Reached XP level 3. HP: 28/29 MP: 3/3
   588 | D:2      | Found a runed translucent door.
   589 | D:2      | Noticed Crazy Yiuf
   906 | D:2      | 906 ||| UPGRADING to +5 ring of evasion.
   907 | D:2      | 907 ||| READING scroll labelled FUGIOMOLIQ.
   908 | D:2      | 908 ||| READING scroll labelled TOEXZO HEEPETAA.
   909 | D:2      | 909 ||| READING scroll labelled HENERE OCKIURO.
   910 | D:2      | 910 ||| READING scroll labelled ATAUNA ICOURPHEI.
   911 | D:2      | 911 ||| READING scroll labelled CAEXKIV NEFE.
   912 | D:2      | 912 ||| DRINKING 2 fuming purple potions.
   912 | D:2      | Gained mutation: Your muscles are strong. (Str +4, Int/Dex
                  | -1) [potion of mutation]
   912 | D:2      | Gained mutation: You are strong-willed. (Will+) [potion of
                  | mutation]
   958 | D:3      | 958 ||| PLANNING SEWER
   992 | D:3      | Reached skill level 4 in Ranged Weapons
  1002 | D:3      | Reached skill level 1 in Armour
  1031 | D:3      | Found a glowing drain.
  1035 | Sewer    | Entered a sewer
  1084 | Sewer    | Reached XP level 4. HP: 36/36 MP: 4/4
  1163 | Sewer    | Reached skill level 5 in Ranged Weapons
  1164 | Sewer    | 1164 ||| Stepping ~*~*~tactically~*~*~ (water).
  1170 | Sewer    | 1170 ||| Stepping ~*~*~tactically~*~*~ (water).
  1204 | Sewer    | 1204 ||| Stepping ~*~*~tactically~*~*~ (water).
  1226 | Sewer    | Found a shimmering altar of Xom.
  1259 | Sewer    | 1259 ||| Stepping ~*~*~tactically~*~*~ (water).
  1265 | Sewer    | Reached skill level 3 in Fighting
  1265 | Sewer    | Reached XP level 5. HP: 45/45 MP: 5/5
  1269 | Sewer    | 1269 ||| DRINKING 3 puce potions.
  1270 | Sewer    | 1270 ||| DRINKING 2 emerald potions.
  1271 | Sewer    | 1271 ||| DROPPING potion of magic.
  1291 | D:3      | 1291 ||| PLANNING D:1-11
  1663 | D:3      | Found Canapn's Assorted Antiques.
  1670 | D:3      | 1670 ||| BUYING gold wand (84 gold).
  1670 | D:3      | Bought a gold wand for 84 gold pieces
  1670 | D:3      | 1670 ||| SHOPLISTING pair of boots (94 gold, have 21).
  1670 | D:3      | 1670 ||| BUYING scroll labelled HEHUMI MIOV (21 gold).
  1670 | D:3      | Bought a scroll labelled HEHUMI MIOV for 21 gold pieces
  1670 | D:3      | 1670 ||| SHOPLISTING scroll labelled NUGET SYGETT (21 gold,
                  | have 0).
  1670 | D:3      | 1670 ||| SHOPLISTING scroll of identify (42 gold, have 0).
  1748 | D:3      | 1748 ||| READING scroll labelled SAREOH GOBRE.
  1760 | D:3      | Killed by an exploding ball python... ignited by their
                  | inner flame

Levels and vault maps discovered:
D:1:      eino_arrival_water_star, layout_rooms
D:2:      layout_rooms, uniq_crazy_yiuf_cottage
D:3:      layout_loops_ring, serial_shops, shop, serial_bayou,
          serial_bayou_pond_c, serial_bayou_pond_e, serial_bayou_pond_d,
          serial_bayou_crossing, serial_bayou_lagoon_b, gup_sewer_entry_spiral,
          minmay_liquid_box

Skill      XL: |  1  2  3  4 |
---------------+-------------+-----
Ranged Weapons | 3 4 5 |  5.5
Fighting       | 2 3 |  3.1
Armour         | 1 |  1.1
Dodging        | |  2.1
Spellcasting   | |  1.0
Hexes          | |  2.0

Action                     |  1- 3 |  4- 6 || total
---------------------------+-------+-------++-------
   Fire: Sling             |    89 |   125 ||   214
    Use: Scroll            |     8 |     1 ||     9
         Potion            |     1 |     2 ||     3
 Armour: Ring mail         |    13 |    11 ||    24
         Robe              |     2 |       ||     2
  Dodge: Dodged            |    16 |    48 ||    64

Table legend:
 A = Non-vault XP
 B = Vault XP
 C = Vault XP percentage of total XP
 D = Non-vault monster count
 E = Vault monster count
 F = Vault count percentage of total count
                 A         B        C        D         E       F
            +---------+---------+-------+---------+---------+-------
      Total |     120 |     153 |  56.0 |      42 |      34 |  44.7
            +---------+---------+-------+---------+---------+-------
        D:1 |      39 |       0 |   0.0 |      17 |       0 |   0.0
        D:2 |      18 |       0 |   0.0 |      10 |       0 |   0.0
        D:3 |      63 |      18 |  22.2 |      15 |       4 |  21.1
      Sewer |       0 |     135 | 100.0 |       0 |      30 | 100.0
            +---------+---------+-------+---------+---------+-------
